Map: Ever Dream LE

Players

LiquidMaNa (MaNa)

  • Race: Protoss Protoss
  • League: Master
  • Spawn Location: 7:00

TSGSolar (Solar) - Winner!

  • Race: Zerg Zerg
  • Spawn Location: 1:00

Event: StayAtHomestory Cup #1

VOD

Have the link to the VOD?

Description

Time

  • Played on: April 11, 2020, 5:49 a.m.
  • Length: 7:37

All games in this series

Show
View Real Time Build Order
Export as new Build Order

LiquidMaNa Protoss 

Build Orders: 1 Gate Expand, Zealot Archon, Archon Drop 

Get SALT Encoding   

  12  0:00  Probe  
  13  0:13  Pylon  
  13  0:17  Probe (Chrono Boost)  
  14  0:27  Probe (Chrono Boost)  
  15  0:32  Probe (Chrono Boost)  
  16  0:39  Gateway  
  16  0:44  Probe  
  16  0:49  Assimilator  
  17  0:56  Probe  
  18  1:08  Probe  
  19  1:20  Probe  
  20  1:27  Cybernetics Core  
  20  1:35  Nexus  
  20  1:42  Pylon  
  20  1:44  Probe  
  21  1:54  Assimilator  
  21  1:56  Probe  
  21  2:01  Adept (Chrono Boost)  
  22  2:05  Warp Gate  
  22  2:08  Probe  
  25  2:20  Probe  
  25  2:21  Adept (Chrono Boost)  
  28  2:30  Pylon  
  28  2:34  Probe  
  28  2:36  Twilight Council  
  29  2:43  Pylon  
  29  2:48  Adept  
  29  2:49  Probe  
  31  2:51  Probe  
  32  2:58  Robotics Facility  
  32  3:01  Probe  
  32  3:03  Probe  
  34  3:11  Gateway  
  34  3:13  Probe  
  34  3:15  Resonating Glaives (Chrono Boost)  
  35  3:23  Probe  
  35  3:25  Probe  
  37  3:35  Probe  
  37  3:37  Probe  
  37  3:39  Gateway  
  37  3:41  Gateway  
  39  3:48  Warp Prism (Chrono Boost)  
  41  3:56  Stalker  
  41  3:58  Probe  
  44  4:03  Pylon  
  45  4:10  Dark Shrine  
  45  4:14  Adept  
  46  4:18  Pylon  
  47  4:25  Pylon  
  46  4:36  Adept x4  
  54  4:40  Assimilator  
  54  4:41  Probe  
  54  4:42  Probe  
  56  4:47  Pylon  
  56  5:00  Adept  
  56  5:01  Adept x2  
  56  5:04  Adept  
  60  5:15  Shield Battery  
  60  5:18  Gateway  
  52  5:27  Dark Templar x2  
  56  5:32  Dark Templar  
  58  5:42  Pylon  
  58  5:43  Probe  
  58  5:44  Pylon  
  59  5:52  Probe  
  59  5:56  Probe  
  59  6:04  Probe (Chrono Boost)  
  59  6:06  Dark Templar x2  
  59  6:08  Probe (Chrono Boost)  
  59  6:10  Archon x2  
  65  6:16  Adept x2  
  71  6:19  Probe (Chrono Boost)  
  70  6:26  Pylon  
  70  6:27  Assimilator  
  70  6:28  Immortal  
  74  6:37  Adept  
  74  6:38  Adept  
  74  6:39  Adept x2  
  79  6:52  Probe  
  79  6:53  Probe  
  60  7:04  Probe  
  60  7:05  Dark Templar  
  60  7:07  Zealot x3  
  55  7:20  Probe  
Show
View Real Time Build Order
Export as new Build Order

TSGSolar Zerg - Winner!

Build Orders: Hatch First 

Get SALT Encoding   

  12  0:01  Drone  
  13  0:09  Drone  
  14  0:34  Hatchery  
  13  0:36  Drone  
  14  0:44  Overlord  
  14  0:50  Extractor  
  14  0:51  Drone  
  15  1:03  Drone  
  15  1:04  Drone  
  17  1:08  Drone  
  18  1:18  Extractor  
  17  1:19  Spawning Pool  
  17  1:21  Drone  
  17  1:31  Drone  
  18  1:41  Drone  
  19  1:47  Drone  
  20  1:58  Drone  
  21  2:03  Overlord  
  21  2:06  Queen x2  
  21  2:07  Zergling x2  
  21  2:08  Zergling x2  
  27  2:16  Drone  
  27  2:22  Drone  
  29  2:23  Metabolic Boost  
  29  2:32  Drone  
  30  2:46  Drone x2  
  30  2:47  Extractor  
  30  2:50  Zergling x2  
  31  2:56  Overlord  
  31  2:59  Hatchery  
  31  3:00  Queen  
  31  3:02  Drone  
  31  3:04  Drone  
  35  3:10  Overlord  
  35  3:15  Drone  
  35  3:16  Drone  
  35  3:19  Zergling x4  
  39  3:21  Drone x2  
  39  3:23  Drone  
  39  3:25  Drone  
  43  3:29  Drone x2  
  45  3:35  Drone  
  45  3:37  Overlord  
  46  3:43  Drone, Roach Warren  
  46  3:47  Drone x2  
  49  3:48  Drone  
  49  3:49  Drone  
  50  3:55  Extractor  
  50  3:58  Drone  
  50  3:59  Overlord  
  50  4:09  Overlord  
  50  4:23  Roach x7  
  64  4:26  Overlord  
  64  4:29  Roach x2  
  68  4:32  Roach  
  68  4:33  Overlord  
  68  4:36  Roach  
  72  4:43  Overlord  
  72  4:45  Roach x2  
  76  4:46  Zergling x4  
  76  4:51  Zergling x6  
  81  4:58  Zergling x12  
  83  5:02  Queen  
  83  5:08  Roach x2  
  83  5:11  Roach  
  83  5:12  Roach  
  85  5:16  Drone  
  85  5:18  Drone  
  85  5:20  Drone  
  85  5:21  Lair  
  85  5:24  Drone x2  
  87  5:28  Spore Crawler  
  87  5:29  Spore Crawler  
  87  5:31  Zergling x6  
  88  5:37  Spore Crawler  
  88  5:41  Drone x5  
  90  5:46  Drone  
  85  5:51  Drone  
  85  5:53  Drone  
  85  5:56  Drone x3  
  83  5:58  Drone  
  83  5:59  Drone  
  83  6:00  Drone  
  86  6:05  Queen  
  86  6:07  Drone  
  86  6:09  Overlord  
  89  6:11  Drone  
  90  6:19  Roach x3  
  90  6:24  Overseer  
  90  6:25  Extractor, Drone  
  95  6:26  Extractor  
  95  6:27  Drone  
  95  6:30  Overlord  
  95  6:32  Roach x2  
  100  6:35  Roach  
  100  6:36  Roach  
  102  6:40  Roach  
  106  6:47  Roach  
  106  6:51  Roach  
  107  6:58  Roach x2  
  107  7:05  Zergling x12, Roach  
  107  7:06  Zergling x4  
  109  7:14  Roach  
Tags
 
Add a new tag
Caveats
  • Supply blocks, unpowered buildings, or Contaminate may cause inaccurate times.
  • Supply counts are checked every 10 seconds.